 Dungeon Crawl Stone Soup version 0.27-a0-1105-g946c659c87 (webtiles) character file.

Game seed: 8080461101211065222

51 senseless the Insei (level 3, -7/23 HPs)
             Began as an Octopode Transmuter on Apr 29, 2021.
             Mangled by Terence
             ... wielding a +0 trident
              (9 damage)
             ... on level 2 of the Dungeon.
             The game lasted 00:03:35 (1752 turns).

senseless the Insei (Octopode Transmuter)           Turns: 1752, Time: 00:03:36

Health: -7/23      AC:  1    Str:  9    XL:     3   Next: 81%
Magic:  6/6        EV: 13    Int: 16    God:
Gold:   100        SH:  0    Dex: 12    Spells: 5/6 levels left

rFire    . . .     SeeInvis .     - Unarmed
rCold    . . .     Faith    .   (no shield)
rNeg     . . .     Spirit   .   (helmet currently unavailable)
rPois    .         Reflect  .   (no amulet)
rElec    .         Harm     .   (no ring)
rCorr    .         Rampage  .   (no ring)
Will     .....                  (no ring)
Stlth    +++.......             (no ring)
HPRegen  0.07/turn              (no ring)
MPRegen  0.10/turn              (no ring)
                                (no ring)
                                (no ring)

@: appendages
A: tentacle spike 3, almost no armour, amphibious, 8 rings, camouflage 1,
gelatinous body 1, (nimble swimmer 1), tentacles
a: End Transformation


You were on level 2 of the Dungeon.
One of your tentacles had grown a beastly spike.
You visited 1 branch of the dungeon, and saw 2 of its levels.

You collected 100 gold pieces.

Inventory:

Scrolls
 a - 2 scrolls of identify
Potions
 b - a potion of curing
 c - 2 potions of berserk rage
 d - a potion of attraction {unknown}
 e - a potion of resistance {unknown}
 f - 2 potions of mutation {unknown}


   Skills:
 + Level 1.0 Fighting
 + Level 2.3 Dodging
 + Level 1.6 Stealth
 + Level 3.5 Unarmed Combat
 + Level 2.4 Spellcasting
 + Level 2.5 Transmutations


You had 5 spell levels left.
You knew the following spells:

 Your Spells              Type           Power      Damage    Failure   Level
a - Beastly Appendage     Tmut           18%        N/A       7%          1

Your spell library contained the following spells:

 Spells                   Type           Power      Damage    Failure   Level
 Wereblood                Tmut           9%         N/A       11%         2
 Spider Form              Tmut/Pois      2%         N/A       34%         3
 Ice Form                 Ice/Tmut       5%         N/A       75%         4
 Hydra Form               Tmut           4%         N/A       89%         5


Dungeon Overview and Level Annotations

Branches:
Dungeon (2/15)

Altars:

Annotations:
D:2 Terence


Innate Abilities, Weirdness & Mutations

One of your tentacles has grown a beastly spike.
You cannot wear most types of armour.
You are amphibious.
You can wear up to eight rings at the same time.
Your skin changes colour to match your surroundings (Stealth+).
Your rubbery body absorbs attacks. (AC +1, EV +1)
((You are camouflaged near water. (Stealth+)))
You have tentacles for arms and can constrict up to eight enemies at once.


Message History

Your transformation is almost over.
Your tentacle spike disappears.
f - 2 sedimented blue potions Terence the Incautious comes into view.
He is wielding a +0 trident.
One of your tentacles grows a vicious spike.
Terence shouts!
Terence completely misses you.
You barely miss Terence. Your grab misses Terence. Terence closely misses you.
You tentacle-slap Terence but do no damage.
You grab Terence. You squeeze Terence.
Terence is lightly wounded.
You constrict Terence, but do no damage.
Terence hits you with a +0 trident.
You tentacle-slap Terence but do no damage.
You pierce Terence.
You squeeze Terence.
Terence is moderately wounded.
You constrict Terence, but do no damage.
Terence barely misses you.
You tentacle-slap Terence.
You pierce Terence, but do no damage.
Terence is heavily wounded.
You constrict Terence, but do no damage.
Terence hits you with a +0 trident!
You are too injured to fight recklessly!
You are too injured to fight recklessly!
You tentacle-slap Terence but do no damage.
You squeeze Terence, but do no damage.
Terence is heavily wounded.
You constrict Terence.
You tentacle-slap Terence but do no damage.
Terence is heavily wounded.
You constrict Terence. Terence hits you with a +0 trident!
* * * LOW HITPOINT WARNING * * *
You tentacle-slap Terence.
Terence is severely wounded.
You constrict Terence, but do no damage.
Terence closely misses you.
You barely miss Terence.
Terence is severely wounded.
You constrict Terence. Terence hits you with a +0 trident!
You die...

### ##.## #######...## ###
...........#########...#
#####................#.######
....##.....###..@@..........#
###.###...####.#########.##.###
...............# #.##...###
##..###..####### #.##.#....
##..# #..# #.##...### ##..#
#..# #.##..## ##..# #...
#.....# ##^.####.# #..##.#
.........# #.#####..##.#


You could see Terence.

Vanquished Creatures
  A dart slug (D:1)
  2 ball pythons
  8 bats
  4 endoplasms
  A giant cockroach (D:1)
  2 goblins (D:1)
  5 hobgoblins (D:1)
  7 jackals (D:1)
  2 kobolds (D:1)
  2 quokkas
  3 frilled lizards (D:2)
  3 rats
40 creatures vanquished.

Notes
Turn   | Place    | Note
-------+----------+-------------------------------------------
     0 | D:1      | senseless the Octopode Transmuter began the quest for the
                  | Orb.
     0 | D:1      | Reached XP level 1. HP: 13/13 MP: 3/3
   346 | D:1      | Reached XP level 2. HP: 17/18 MP: 3/5
   386 | D:1      | Reached skill level 1 in Stealth
   608 | D:1      | Reached XP level 3. HP: 15/23 MP: 6/6
  1741 | D:2      | Noticed Terence
  1752 | D:2      | Mangled by Terence

Illustrated notes

Levels and vault maps discovered:
D:1:      dpeg_arrival_arbitrary_c, layout_basic
D:2:      layout_loops_ring, basic_ecumenical_altar, uniq_terence

Skill      XL: |  1  2 |
---------------+-------+-----
Stealth        | 1 |  1.6
Fighting       | |  1.0
Dodging        | |  2.3
Unarmed Combat | |  3.5
Spellcasting   | |  2.4
Transmutations | |  2.5

Action                   || total
-------------------------++-------
Melee: Unarmed           ||    94
       Constrict         ||    21
       Kick              ||    14
       Punch             ||     1
       Tentacles         ||    13
 Cast: Beastly Appendage ||    28
  Use: Scroll            ||     2
 Stab: Sleeping          ||     7
Armor: Skin              ||     4
Dodge: Dodged            ||    64

Table legend: (Time is in decaauts)
 A = Elapsed time spent in this place.
 B = Non-inter-level travel time spent in this place.
 C = Inter-level travel time spent in this place.
 D = Time resting spent in this place.
 E = Time spent auto-exploring this place.
 F = Levels seen in this place.
 G = Mean time per level.
                   A        B        C        D        E       F      G
               +--------+--------+--------+--------+--------+-----+--------+
         Total |   1745 |   1712 |     33 |      0 |   1444 |   2 |  872.5 |
       Dungeon |   1745 |   1712 |     33 |      0 |   1444 |   2 |  872.5 |
               +--------+--------+--------+--------+--------+-----+--------+

Top non-repeatable levels by time:
     D:1: 1406 daAuts
     D:2: 339 daAuts
